 Dungeon Crawl Stone Soup version 0.31-a0-543-geaa9c7a2c0 (webtiles) character file.

Game seed: 15072285509960679179

112 AdnanSaban the Covered (level 4, 0/29 HPs)
             Began as a Gargoyle Fighter on Aug 15, 2023.
             Splashed by a jelly's acid (7 damage)
             ... on level 4 of the Dungeon.
             The game lasted 00:01:36 (2021 turns).

AdnanSaban the Covered (Gargoyle Fighter)           Turns: 2021, Time: 00:01:37

Health: 0/29       AC:  1    Str: 22    XL:     4   Next: 93%
Magic:  4/4        EV:  8    Int:  8    God:
Gold:   80         SH:  4    Dex:  9    Spells: 3/3 levels left

rFire   . . .        a - +0 flail
rCold   . . .        c - +0 buckler
rNeg    + . .        j - +0 chain mail
rPois   ∞            (no helmet)
rElec   +            (no cloak)
rCorr   .            (no gloves)
SInv    .            (no boots)
Will    .....        i - amulet of the acrobat Stlth
                     (no ring)
HPRegen 0.24/turn    (no ring)
MPRegen 0.09/turn

%: acrobat
@: corroded
A: sickness immunity, AC +3, negative energy resistance 1, electricity
resistance, torment resistance 1, petrification resistance
a: no special abilities


You were on level 4 of the Dungeon.
You visited 1 branch of the dungeon, and saw 4 of its levels.

You collected 80 gold pieces.

Inventory:

Hand Weapons
 a - a +0 flail (weapon)
Armour
 c - a +0 buckler (worn)
 j - a +0 chain mail (worn)
Jewellery
 i - an amulet of the acrobat (around neck)
Scrolls
 b - a scroll of enchant weapon {unknown}
 e - 2 scrolls of teleportation {unknown}
 f - a scroll of immolation {unknown}
 g - a scroll of enchant armour {unknown}
 h - 4 scrolls of identify {unknown}
 k - 2 scrolls of blinking {unknown}
 l - a scroll of fear {unknown}
 n - a scroll of noise {unknown}
Potions
 d - a potion of might
 m - a potion of degeneration {unknown}
 o - 3 potions of curing {unknown}
 p - a potion of haste {unknown}


   Skills:
 + Level 4.0 Fighting
 + Level 3.3 Maces & Flails
 + Level 4.2 Armour
 + Level 0.2 Dodging
 + Level 0.1 Stealth
 + Level 3.6 Shields


You had 3 spell levels left.
You didn't know any spells.
Your spell library contained the following spells:

 Spells                   Type           Power      Damage    Failure   Level
 Apportation              Tloc           0%         N/A       98%         1
 Necrotise                Necr           0%         1d4       98%         1
 Slow                     Hex            0%         N/A       98%         1
 Sting                    Tmut/Pois      0%         1d3       98%         1
 Summon Small Mammal      Summ           0%         N/A       98%         1
 Poisonous Vapours        Pois/Air       0%         N/A       99%         2
 Confusing Touch          Hex            0%         N/A       100%        3
 Vampiric Draining        Necr           0%         2d6       100%        3
 Olgreb's Toxic Radiance  Pois           0%         N/A       100%        4


Dungeon Overview and Level Annotations

Branches:
Dungeon (4/15)
 Temple: D:4-7

Altars:

Annotations:
D:4 Eustachio


Innate Abilities, Weirdness & Mutations

You are immune to sickness and miasma.
Your stone body is resilient. (AC +3)
You are immune to poison.
You resist negative energy. (rN+)
You are resistant to electric shocks. (rElec)
You are resistant to unholy torment.
You are immune to petrification.


Message History

Eustachio is nearby!
There is a stone staircase leading up here.
You climb upwards.
There is a stone staircase leading down here.
There is a stone staircase leading down here.
You climb downwards.
Level annotation: Eustachio
There is a stone staircase leading up here.
A jelly comes into view.
The jelly quivers.
A jelly is nearby!
You sock the jelly!
Your hands burn!
The jelly is heavily wounded.
The jelly hits you but does no damage. You block the jelly's attack.
You hit the jelly.
Your hands burn!
The jelly is heavily wounded.
The jelly hits you. The acid corrodes you!
You are splashed with acid!
You hit the jelly but do no damage.
Your hands burn!
The jelly is heavily wounded.
The jelly hits you but does no damage.
You are too injured to fight recklessly!
You are too injured to fight recklessly!
You are too injured to fight recklessly!
You are too injured to fight recklessly!
You are too injured to fight recklessly!
You are too injured to fight recklessly!
You are too injured to fight recklessly!
You are too injured to fight recklessly!
You are too injured to fight recklessly!
You are too injured to fight recklessly!
You are too injured to fight recklessly!
You are too injured to fight recklessly!
You are too injured to fight recklessly!
You are too injured to fight recklessly!
You hit the jelly. The acid corrodes you!
Your hands burn!
The jelly is heavily wounded.
The jelly hits you.
* * * LOW HITPOINT WARNING * * *
The acid corrodes you!
You are splashed with acid!
You die...

#######.#
#..###
.......<#
#..#..
#######.#
#..#.# #.#
#..#.#
#.#.###..#.#
#.#......#.#
#.######.#.#
#..........#
##########@#
#J# #.# #.#
#.. #.# ###


You could see a jelly.

Vanquished Creatures
  An orc wizard (D:3)
  An adder (D:2)
  2 worms
  5 orcs (D:3)
  5 bats
  7 endoplasms
  5 giant cockroaches
  6 goblins
  5 hobgoblins
  2 quokkas
  9 ball pythons
  3 frilled lizards
  5 kobolds
  11 rats
67 creatures vanquished.

Notes
Turn   | Place    | Note
-------+----------+-------------------------------------------
     0 | D:1      | AdnanSaban the Gargoyle Fighter began the quest for the
                  | Orb.
     0 | D:1      | Reached XP level 1. HP: 14/14 MP: 1/1
    87 | D:1      | Reached XP level 2. HP: 12/19 MP: 2/2
   340 | D:1      | Reached XP level 3. HP: 24/24 MP: 3/3
  1066 | D:2      | Reached XP level 4. HP: 29/29 MP: 4/4
  1977 | D:4      | Noticed Eustachio
  2021 | D:4      | Splashed by a jelly's acid

Illustrated notes

Levels and vault maps discovered:
D:1:      amcnicky_arrival_blooded_trapdoor, layout_basic,
          chequers_serial_rivers_room_a
D:2:      layout_loops_ring
D:3:      layout_basic
D:4:      layout_basic, kennysheep_ying_yang, minmay_temple_entry_large_hall,
          uniq_robin, uniq_eustachio

Skill      XL: |  1  2  3  4 |
---------------+-------------+-----
Armour         | 4 |  4.2
Fighting       | 4 |  4.0
Maces & Flails | 3 |  3.3
Dodging        | |  0.2
Stealth        | |  0.1
Shields        | |  3.6

Action                     |  1- 3 |  4- 6 || total
---------------------------+-------+-------++-------
  Melee: Flail             |   114 |   107 ||   221
 Armour: Scale mail        |    36 |       ||    36
         Chain mail        |    24 |    56 ||    80
  Dodge: Dodged            |    43 |    43 ||    86
  Block: Buckler           |    23 |    13 ||    36

Table legend: (Time is in decaauts)
 A = Elapsed time spent in this place.
 B = Non-inter-level travel time spent in this place.
 C = Inter-level travel time spent in this place.
 D = Time resting spent in this place.
 E = Time spent auto-exploring this place.
 F = Levels seen in this place.
 G = Mean time per level.
                   A        B        C        D        E       F      G
               +--------+--------+--------+--------+--------+-----+--------+
         Total |   2088 |   2035 |     53 |      0 |   1526 |   4 |  522.0 |
       Dungeon |   2088 |   2035 |     53 |      0 |   1526 |   4 |  522.0 |
               +--------+--------+--------+--------+--------+-----+--------+

Top non-repeatable levels by time:
     D:3: 758 daAuts
     D:2: 679 daAuts
     D:1: 624 daAuts
     D:4: 26 daAuts
